 Dungeon Crawl Stone Soup version 0.19.4 (webtiles) character file.

241 nikopol the Skirmisher (level 6, -12/58 HPs)
             Began as a Gargoyle Berserker on Feb 3, 2017.
             Was a Believer of Trog.
             Mangled by an ogre
             ... wielding a +0 giant club
              (25 damage)
             ... on level 4 of the Dungeon.
             The game lasted 00:04:04 (2636 turns).

nikopol the Skirmisher (Gargoyle Berserker)         Turns: 2636, Time: 00:04:05

Health: -12/58     AC:  7    Str: 26    XL:     6   Next: 8%
Magic:  6/6        EV: 12    Int:  7    God:    Trog [**....]
Gold:   174        SH:  0    Dex: 11    Spells: 0 memorised, 5 levels left

rFire  . . .     SeeInvis .     a - +0 hand axe
rCold  . . .     Gourm    .     h - +0 leather armour
rNeg   + . .     Faith    .     (no shield)
rPois  ∞         Spirit   .     (no helmet)
rElec  +         Reflect  .     (no cloak)
rCorr  .         Harm     .     (no gloves)
MR     .....                    (no boots)
Stlth  ..........               (no amulet)
                                (no ring)
                                (no ring)

@: berserking, very quick
A: negative energy resistance 1, electricity resistance, unbreathing,
petrification resistance, rot immunity, AC +4
a: Berserk, Trog's Hand, Burn Spellbooks, Renounce Religion


You were on level 4 of the Dungeon.
You worshipped Trog.
Trog was pleased with you.
You were near starving.

You visited 1 branch of the dungeon, and saw 4 of its levels.

You collected 174 gold pieces.

Inventory:

Hand Weapons
 a - a +0 hand axe (weapon)
Missiles
 d - 75 arrows (quivered)
Armour
 b - a +0 animal skin
 h - a +0 leather armour (worn)
Scrolls
 e - a scroll of amnesia {unknown}
 l - a scroll of teleportation {unknown}
 q - a scroll of identify {unknown}
Potions
 f - a potion of resistance {unknown}
 g - a potion of haste {unknown}
 i - 2 potions of curing {unknown}
 k - a potion of might {unknown}
 n - 3 potions of agility {unknown}
Comestibles
 c - 4 bread rations
 m - 4 fruits
 o - a meat ration


   Skills:
 + Level 4.5 Fighting
 * Level 3.9 Axes
 + Level 3.7 Armour
 + Level 2.8 Dodging


You had 5 spell levels left.
You didn't know any spells.

Dungeon Overview and Level Annotations

Branches:
Dungeon (4/15)
 Temple: D:4-7

Altars:
Dithmenos
The Shining One


Innate Abilities, Weirdness & Mutations

You are resistant to torment.
Your stone body is resilient. (AC +4)
You are immune to poison.
You resist negative energy. (rN+)
You are resistant to electric shocks. (rElec)
You can survive without breathing.
You are immune to petrification.
You are immune to rotting.


Message History

You hit the ogre.
The ogre is moderately wounded.
A red film seems to cover your vision as you go berserk!
You feel yourself moving faster!
You feel mighty!
You are near starving!
The ogre hits you with a giant club.
* * * LOW HITPOINT WARNING * * *
You are too injured to fight recklessly!
You are too injured to fight recklessly!
You barely miss the ogre.
The ogre is moderately wounded.
The ogre barely misses you.
You hit the ogre but do no damage.
The ogre is moderately wounded.
You closely miss the hound. The hound misses you.
You slash the ogre!
The ogre is severely wounded.
You barely miss the hound. The hound bites you but does no damage.
The ogre hits you with a giant club!!
You die...

#..........<...#
#.
##.......###<#.#
#. ##.....##
#.#.###. ##...##
#.#..... ##...#
#.#.#### ##.##.#
#.#.# #.## ...
....# #..# ..#
##### #@#.# #.#
......hO##.# ..
........# ..# ##
#######.# .# #.#
# #.# #.# #.#


You could see an ogre and a hound.

Vanquished Creatures
  An ogre (D:4)
  The ghost of dvd the Grave Robber, an amateur DsNe (D:3)
  4 adders
  2 worms (D:2)
  2 leopard geckos (D:2)
  A ball python (D:4)
  8 bats
  2 giant cockroaches
  5 goblins
  4 hobgoblins
  4 jackals (D:3)
  2 kobolds (D:2)
  A quokka (D:2)
  3 frilled lizards
  7 rats
47 creatures vanquished.

Notes
Turn   | Place    | Note
-------+----------+-------------------------------------------
     0 | D:1      | nikopol the Gargoyle Berserker began the quest for the Orb.
     0 | D:1      | Reached XP level 1. HP: 14/14 MP: 1/1
   278 | D:1      | Reached XP level 2. HP: 5/19 MP: 2/2
   512 | D:1      | Found a glowing golden altar of the Shining One.
   889 | D:2      | Reached XP level 3. HP: 20/24 MP: 3/3
  1400 | D:2      | Reached XP level 4. HP: 29/29 MP: 4/4
  1411 | D:2      | Reached ** piety under Trog
  1627 | D:3      | Found a shadowy altar of Dithmenos.
  2029 | D:3      | Reached skill level 4 in Fighting
  2068 | D:3      | Noticed dvd's ghost (amateur DsNe)
  2084 | D:3      | Killed dvd's ghost
  2084 | D:3      | Reached XP level 5. HP: 33/33 MP: 5/5
  2309 | D:4      | Noticed an ogre
  2318 | D:4      | HP: 1/49 [ogre/giant club (10)]
  2319 | D:4      | Killed an ogre
  2319 | D:4      | Reached XP level 6. HP: 1/39 MP: 6/6
  2636 | D:4      | Mangled by an ogre

Skill      XL: |  1  2  3  4 |
---------------+-------------+-----
Axes           | 3 |  3.9
Dodging        | 2 |  2.8
Fighting       | 4 |  4.5
Armour         | 3 |  3.7

Action                   |  1- 3 |  4- 6 || total
-------------------------+-------+-------++-------
Melee: Hand axe          |    91 |    96 ||   187
Invok: Berserk           |     1 |     3 ||     4
  Eat: Chunk             |     3 |     3 ||     6
       Pizza             |       |     1 ||     1
Armor: Leather armour    |    34 |    48 ||    82
       Animal skin       |     1 |       ||     1
Dodge: Dodged            |    58 |    61 ||   119
